 Dungeon Crawl Stone Soup version 0.29.1-15-g9cfb28693d (webtiles) character file.

Game seed: 6571155701571639521

57 QwertyIsDirtey the Slasher (level 3, -1/34 HPs)
             Began as a Minotaur Berserker on Mar 24, 2023.
             Was a Believer of Trog.
             Succumbed to an adder's poison
             ... on level 3 of the Dungeon.
             The game lasted 00:05:37 (1784 turns).

QwertyIsDirtey the Slasher (Minotaur Berserker)     Turns: 1784, Time: 00:05:38

Health: -1/34      AC:  3    Str: 23    XL:     3   Next: 73%
Magic:  2/2        EV: 12    Int:  4    God:    Trog [**....]
Gold:   163        SH:  0    Dex:  9    Spells: 2/2 levels left

rFire   . . .      SeeInvis .   a - +0 falchion
rCold   . . .      Faith    .   (no shield)
rNeg    . . .      Spirit   .   b - +0 animal skin
rPois   .          Reflect  .   k - +1 hat
rElec   .          Harm     .   (no cloak)
rCorr   .          Rampage  .   (no gloves)
Will    .....                   (no boots)
Stlth   +.........              (no amulet)
HPRegen 0.11/turn               (no ring)
MPRegen 0.08/turn               (no ring)

@: lethally poisoned (-1 -> -14)
A: horns 2, retaliatory headbutt
a: Renounce Religion, Berserk, Trog's Hand


You were on level 3 of the Dungeon.
You worshipped Trog.
Trog was pleased with you.
You visited 1 branch of the dungeon, and saw 3 of its levels.

You collected 163 gold pieces.

Inventory:

Hand Weapons
 a - a +0 falchion (weapon)
Missiles
 l - 3 poisoned darts (quivered)
Armour
 b - a +0 animal skin (worn)
 k - a +1 hat (worn)
Magical Staves
 g - a staff of cold
Scrolls
 c - a scroll of fear {unknown}
 d - a scroll of summoning {unknown}
 e - a scroll of identify {unknown}
 i - a scroll of brand weapon {unknown}
 j - a scroll of enchant weapon {unknown}
Potions
 f - 3 potions of might {unknown}
 h - a potion of degeneration {unknown}


   Skills:
 + Level 4.4 Fighting
 + Level 4.5 Long Blades
 + Level 2.8 Armour
 + Level 2.6 Dodging


You had 2 spell levels left.
You didn't know any spells.
Your spell library contained the following spells:

 Spells                   Type           Power      Damage    Failure   Level
 Ignite Poison            Fire/Tmut/Pois 0%         N/A       86%         3
 Mephitic Cloud           Conj/Pois/Air  0%         N/A       86%         3
 Freezing Cloud           Conj/Ice/Air   0%         6-21      100%        5


Dungeon Overview and Level Annotations

Branches:
Dungeon (3/15)

Altars:

Shops:
D:1 (!


Innate Abilities, Weirdness & Mutations

You have a pair of horns on your head.
You reflexively headbutt those who attack you in melee.


Message History

You feel sick. The adder barely misses you.
You closely miss the adder.
The adder is severely wounded.
You feel sick. The adder bites you.
You are more poisoned.
The adder poisons you!
You miss the adder.
The adder is severely wounded.
You feel sick. The adder bites you but does no damage. The adder bites you.
You closely miss the adder.
The adder is heavily wounded.
You feel sick. The adder bites you.
You are more poisoned.
The adder poisons you!
You miss the adder.
The adder is heavily wounded.
You feel sick. The adder bites you but does no damage. The adder misses you.
You miss the adder.
The adder is heavily wounded.
You feel sick. The adder barely misses you.
You barely miss the adder. Your headbutt misses the adder.
The adder is heavily wounded.
You feel sick. The adder bites you.
* * * LOW HITPOINT WARNING * * *
You completely miss the adder.
The adder is heavily wounded.
You feel sick. The adder bites you.
* * * LOW HITPOINT WARNING * * *
You are lethally poisoned!
The adder poisons you! The adder closely misses you.
You hit the adder but do no damage.
The adder is heavily wounded.
* * * LOW HITPOINT WARNING * * *
You feel sick. The adder bites you.
* * * LOW HITPOINT WARNING * * *
You are more poisoned.
The adder poisons you!
You hit the adder but do no damage. Your headbutt misses the adder.
The adder is heavily wounded.
You die...

#...# #...# +...+ ##### #...#
#...# #...# ###...# #...# ##
#.'...# #...#..# ###...#
+..@S..# ###...# . ######...####
#.....# #.# #.......## #......
....##......## #......
#.........#############......
..#.#......'...........'......
###.#.##.....#############...###
..#.#.##.....##....[....##...#
#.#.#.#########.........##...#


You could see an adder.

Vanquished Creatures
  An iguana (D:3)
  A dart slug (D:2)
  An orc (D:3)
  2 ball pythons
  A bat (D:2)
  5 endoplasms
  2 giant cockroaches
  A goblin (D:2)
  2 hobgoblins
  4 kobolds
  A quokka (D:2)
  A frilled lizard (D:2)
  4 rats
26 creatures vanquished.

Notes
Turn   | Place    | Note
-------+----------+-------------------------------------------
     0 | D:1      | QwertyIsDirtey the Minotaur Berserker began the quest for
                  | the Orb.
     0 | D:1      | Reached XP level 1. HP: 19/19 MP: 0/0
   152 | D:1      | Found Xuodeid's Distillery.
   201 | D:1      | Found a faded altar of an unknown god.
   304 | D:1      | Found Posa's Weapon Boutique.
   372 | D:1      | Reached XP level 2. HP: 26/27 MP: 1/1
   891 | D:2      | You fall into a shaft and drop 1 floor!
  1165 | D:3      | Reached ** piety under Trog
  1166 | D:3      | Reached XP level 3. HP: 28/33 MP: 2/2
  1784 | D:3      | Succumbed to an adder's poison

Illustrated notes

Levels and vault maps discovered:
D:1:      lemuel_arrival_hallway, layout_loops_cross,
          chequers_ecumenical_altar_island, serial_shops,
          nicolae_shop_statue_plus, shop_coins, nicolae_shop_crystal
D:2:      layout_loops_corners
D:3:      layout_basic, minmay_snake_closets

Skill      XL: |  1  2 |
---------------+-------+-----
Fighting       | 4 |  4.4
Long Blades    | 4 |  4.5
Armour         | |  2.8
Dodging        | |  2.6

Action                   || total
-------------------------++-------
Melee: Falchion          ||    77
       Headbutt          ||    10
Armor: Animal skin       ||    24
Dodge: Dodged            ||    56
